[Event "NY Presidents Day IM-B 2024"]
[Site "New York"]
[Date "2024.02.19"]
[Round "7.4"]
[White "Graif, William"]
[Black "Bortnyk, Mykola"]
[Result "0-1"]
[ECO "B23"]
[WhiteElo "2302"]
[BlackElo "2421"]
[Annotator "TA"]
[PlyCount "104"]
[EventDate "2024.02.14"]
[EventType "schev"]
[EventCountry "USA"]
[SourceTitle "playchess.com"]
[Source "ChessBase"]
[SourceQuality "1"]
[TimeControl "5400+30"]

1. e4 c5 2. Nc3 e6 3. Nge2 Nc6 4. g3 d5 5. exd5 exd5 6. d4 Bg4 7. Bg2 {[%emt 0:00:11] B23: Closed Sicilian: Lines without g3.} Nxd4 8. h3 Bf3 9. Kf1 $1 Nf6 (9... Ne7 {simplifies} 10. Bxf3 Nxf3 11. Nf4 Ne5) 10. Bg5 $146 ({Predecessor:} 10. Bxf3 Nxf3 11. Nf4 Nd4 12. Be3 g5 13. Nfxd5 Nxd5 14. Bxd4 Rg8 15. Qe2+ Be7 16. Re1 Nxc3 17. Bxc3 Rg6 18. Qf3 Qd7 19. Bf6 O-O-O 20. Bxe7 {1-0 Jovanovic,Z (2512)-Kallai,G (2459) HUN-chT 1920 2019 (1.3)}) 10... Nxe2 11. Bxf3 Nxc3 12. bxc3 Be7 13. Bxf6 Bxf6 14. Bxd5 O-O 15. Rb1 Rb8 16. Kg2 b5 17. c4 b4 18. Qf3 Rb6 19. a3 Bd4 20. Qd3 Qf6 21. f4 (21. Rhf1 $11 {deserves consideration.}) 21... Bc3 22. axb4 cxb4 23. c5 Rbb8 24. Qc4 Rbe8 (24... Rbc8 $17 25. Rhd1 a5) 25. c6 $11 Qg6 26. Qd3 (26. c7 $11 {keeps the balance.} Qxc2+ 27. Kf3) 26... Qxd3 $17 27. cxd3 Rc8 28. Rhc1 Rfd8 29. Be4 a5 30. Rc2 f5 31. Bxf5 Rxc6 32. Ra2 Rc5 33. Be4 Rb8 34. Rb3 Bd4 35. Kf3 Kf7 36. g4 h6 37. h4 Ke7 38. Bg6 Rb6 39. Re2+ Re6 40. Rxe6+ Kxe6 41. Ke4 Rc3 (41... Bc3 $142 {Hoping for ...a4.} 42. Be8 g5 43. hxg5 hxg5) 42. Rb1 $17 Bc5 ({Black should play} 42... Bb6 $17 43. g5 Ke7) 43. Ra1 (43. d4 $15 Be7 44. g5) 43... Bb6 $17 44. Be8 Rc2 45. f5+ (45. Re1 $17 {is a better defense.}) 45... Kd6 $19 46. Ba4 Re2+ 47. Kf4 Bd4 48. Rc1 Ra2 49. Bb3 (49. Ke4 $142 Bc3 50. Bb3) 49... Ra3 $19 50. Bf7 $2 (50. Rb1 {only move.}) 50... b3 $19 (50... Rxd3 51. Ke4 Rd2 52. Rc8 $17) 51. Rb1 b2 52. f6 gxf6 0-1

[Event "NY Presidents Day IM-B 2024"]
[Site "New York"]
[Date "2024.02.19"]
[Round "7.5"]
[White "Tanenbaum, Zachary"]
[Black "Lima, Darcy"]
[Result "1/2-1/2"]
[ECO "B51"]
[WhiteElo "2272"]
[BlackElo "2370"]
[Annotator "TA"]
[PlyCount "101"]
[EventDate "2024.02.14"]
[EventType "schev"]
[EventCountry "USA"]
[SourceTitle "playchess.com"]
[Source "ChessBase"]
[SourceQuality "1"]
[TimeControl "5400+30"]

1. e4 e5 2. Nf3 Nc6 3. Bc4 d6 4. Nc3 Na5 5. Bb5+ c6 6. Be2 c5 7. Bb5+ Nc6 8. O-O Be7 9. Ne2 Nf6 10. Ng3 h5 {[%emt 0:00:46] Black is slightly better.} 11. c3 Qb6 (11... h4 $15 12. Nf5 Bxf5 (12... Nxe4 13. Nxe7 Kxe7 14. d4 $14) 13. exf5 a6) 12. Ba4 $11 h4 13. Nf5 Bxf5 14. exf5 h3 15. g3 Kf8 16. d4 e4 (16... exd4 $11 17. cxd4 cxd4) 17. dxc5 (17. d5 $1 $16) 17... Qxc5 18. Be3 Qxf5 19. Nd4 Nxd4 20. Bxd4 Ng4 $132 {[%emt 0:09:09][%mdl 2048] Black is not holding back} 21. Bb3 Ne5 22. Bxe5 (22. f4 {with more complications.} Nf3+ 23. Kh1 Rh5 24. Be3) 22... dxe5 23. Qe2 Rd8 24. Rad1 {[%emt 0:00:28] Repels Rd2} Rxd1 25. Rxd1 Rh6 26. Bc2 Rb6 27. b4 (27. Qxe4 $2 Qxe4 28. Bxe4 Rxb2 $19) (27. Bxe4 $11 Rxb2 28. Qxb2 Qxe4 29. Kf1) 27... Qc8 (27... Qf3 $15 28. Qxf3 exf3) 28. Qh5 (28. Qxe4 Qxc3 29. Qh7 Rh6 $17 (29... Bxb4 30. Qh8+ Ke7 31. Qd8+ Ke6 32. Qd7+ Kf6 33. Qf5+ Ke7 34. Rd7+ Kf8 35. Qxf7#)) 28... Kg8 {[%emt 0:01:09] Repels Qh8+} 29. Bb3 {[%emt 0:00:57] [#]} (29. Qxe5 Re6 30. Qd4 Bf6 $17) (29. Bxe4 $11 g6 30. Qxe5) 29... Rf6 $1 $17 30. Qxe5 {[%emt 0:00:11] [#]} (30. Bd5 $17 {was worth a try.}) 30... Bf8 $2 (30... Qg4 $1 $19 {[%cal Rg4f3] ( -> ...Qf3!)} 31. Bc2 (31. Qxe7 $2 Qf3 $19) 31... Re6 32. Qb8+ Bf8) 31. Re1 (31. Bd5 {simplifies} Qg4 32. Rf1 b6 33. Qxe4 Qxe4 34. Bxe4 Rd6 35. Bf5) 31... Rf3 (31... a5 {is interesting.} 32. bxa5 Bd6 33. Qxe4 Qxc3 34. Rd1 Qxa5 35. Qxb7 Qc5) 32. Qxe4 Qxc3 33. Rd1 Rf6 34. Qg4 Qxb4 35. Qxh3 Qc5 36. Qf1 b5 ({Better is} 36... g6 $11) 37. Rd5 $14 Qc3 38. Qxb5 Qc7 39. Rf5 Rxf5 40. Qxf5 $16 {[%emt 0:00:03][%mdl 4096] Endgame. KQB-KQB} Bd6 41. Qe4 Kf8 42. Ba4 {[%emt 0:00:41][%csl Ga4][%cal Re4e8] White is more active.} g6 43. h4 Bc5 44. Kg2 Qe7 45. Qd5 Qd6 46. Qf3 Kg7 47. h5 gxh5 48. Bb3 (48. Qxh5 $14 Qd4 49. Qg5+ Kh8 50. Qh4+ Qxh4 51. gxh4) 48... Qf6 $11 49. Qe2 (49. Qxh5 Qxf2+ (49... Bxf2 50. Qg4+ Kh6 51. Qf3 $11) 50. Kh3 Qf1+ 51. Kh4 Be7+ 52. Kg4 Qe2+ 53. Kf5 Qxh5+ 54. Ke4 f5+ 55. Ke3 Qg5+ 56. Kd3 Qxg3+ 57. Kd4 Qf4+ 58. Kd3 Qe4+ 59. Kc3 Bb4+ 60. Kb2 Qd4+ 61. Kc1 Qd2+ 62. Kb1 Ba3 63. Be6 Qd1#) 49... Kh6 50. Qd2+ Kg7 51. Qe2 {[%emt 0:00:22] Weighted Error Value: White=0.19 (very precise) /Black=0.16 (very precise) .  Missed win:     	---       	Black=1      Mistake:       	White=5     	Black=4      Inaccurate:     	White=4     	Black=4      OK:         	White=19    	Black=16     Best:        	White=2     	Black=2      Strong:       	---       	Black=1} (51. Bxf7 $5 Qxf2+ 52. Qxf2 Bxf2 53. Bxh5 $14) 1/2-1/2

[Event "NY Presidents Day IM-B 2024"]
[Site "New York"]
[Date "2024.02.19"]
[Round "7.6"]
[White "Pang, Qi"]
[Black "Jimenez Fraga, Pedro Alejandro"]
[Result "1/2-1/2"]
[ECO "A05"]
[WhiteElo "2148"]
[BlackElo "2447"]
[Annotator "TA"]
[PlyCount "116"]
[EventDate "2024.02.14"]
[EventType "schev"]
[EventCountry "USA"]
[SourceTitle "playchess.com"]
[Source "ChessBase"]
[SourceQuality "1"]
[TimeControl "5400+30"]

1. Nf3 Nf6 2. d4 g6 3. g3 Bg7 4. Bg2 O-O 5. b3 c5 6. O-O cxd4 7. Nxd4 d5 8. Bb2 Re8 9. Nf3 Nc6 10. Ne5 Qc7 11. Nxc6 {[%emt 0:00:28] Black has an edge.} bxc6 12. c4 Rb8 13. Qc1 {[%emt 0:00:43] And now cxd5 would win.} Qd6 14. Rd1 e5 15. Nd2 Qe6 16. Nf3 d4 17. e3 c5 18. exd4 cxd4 19. Re1 {[%emt 0:03:36] [#] Strongly threatening Nxd4.} Qd6 20. c5 Qc7 21. Nd2 Be6 22. Nc4 Nd5 ({Much weaker is} 22... Qxc5 $6 23. Nxe5 Qxc1 24. Rexc1 $14) 23. Qd2 $1 Red8 (23... Nb4 {keeps more tension.} 24. Nd6 Red8 25. a3 Nc2) 24. Rac1 Nc3 25. Bxc3 dxc3 26. Qxc3 Qxc5 27. Qa5 Qxa5 28. Nxa5 {[%emt 0:00:04] Black must now prevent Nc6.} Rd2 29. Nc6 Rb6 30. Nxa7 {[%emt 0:07:40] [#]} Rxa2 (30... Ra6 $1 $17 31. Nb5 Raxa2 (31... Rdxa2 32. Nc7 $11)) 31. Nc6 $15 Rxb3 32. Nd8 $1 Ra7 33. Nxe6 fxe6 34. Rc6 Kf7 35. Bf1 Rab7 36. Rd1 R3b6 37. Rdd6 Rxc6 38. Rxc6 $11 {[%emt 0:00:01][%mdl 4096] Endgame. KRB-KRB} e4 39. Bc4 Re7 40. Bb3 Bh6 41. Kg2 Kf6 42. h3 Ke5 43. g4 Bd2 44. Ba2 e3 45. fxe3 Bxe3 46. Kg3 g5 47. Bb3 Bf4+ 48. Kf3 Re8 49. h4 gxh4 50. Rxe6+ Rxe6 51. Bxe6 Kxe6 (51... h3 $5 52. Ba2 h2 $14) 52. Kxf4 {[%emt 0:00:03] KPP-KP} h6 53. Kf3 Ke5 54. Kg2 Kf4 55. Kh1 Kg3 56. Kg1 h3 57. Kh1 h2 58. g5 hxg5 {[%emt 0:00:09] Weighted Error Value: White=0.06 (flawless) /Black=0.06 (flawless) .  Mistake:       	---       	Black=1      Inaccurate:     	White=4     	Black=2      OK:         	White=18    	Black=24     Best:        	White=5     	---        Strong:       	White=2     	---} 1/2-1/2

[Event "NY Presidents Day IM-B 2024"]
[Site "New York"]
[Date "2024.02.19"]
[Round "8.1"]
[White "Lee, Megan"]
[Black "Bortnyk, Mykola"]
[Result "0-1"]
[ECO "B42"]
[WhiteElo "2267"]
[BlackElo "2421"]
[Annotator "RC"]
[PlyCount "104"]
[EventDate "2024.02.14"]
[EventType "schev"]
[EventCountry "USA"]
[SourceTitle "playchess.com"]
[Source "ChessBase"]
[SourceQuality "1"]
[TimeControl "5400+30"]

1. e4 c5 2. Nf3 e6 3. d4 cxd4 4. Nxd4 a6 5. Bd3 Bc5 6. Nb3 Ba7 7. O-O Nc6 8. Qg4 Qf6 9. Nc3 h5 10. Qf4 Nge7 11. Qxf6 gxf6 12. Bf4 Ne5 13. h3 b5 14. a3 N7c6 15. a4 b4 16. Ne2 Bb7 17. Bh2 Ke7 18. Kh1 Rag8 19. f3 Nxd3 20. cxd3 Ne5 21. Na5 Ba8 22. Rfd1 Rc8 23. d4 Nc4 24. Nxc4 Rxc4 25. Rd2 d5 26. b3 Rcc8 27. e5 f5 28. Bg1 a5 29. Rc1 Rxc1 30. Nxc1 Rc8 31. Na2 Bb7 32. Kh2 f4 33. Bf2 Kd7 34. Bh4 Bc6 35. Bg5 Bxa4 36. bxa4 b3 37. Rb2 bxa2 38. Rxa2 Bxd4 39. Bxf4 Rc4 40. g3 Bc3 41. h4 Kc6 42. Rc2 d4 43. Bd2 Kd5 44. g4 hxg4 45. fxg4 Ke4 46. Bg5 d3 47. Rf2 Bxe5+ 48. Kg2 f5 49. gxf5 exf5 50. h5 f4 51. h6 Rc2 52. h7 Bd4 0-1

[Event "NY Presidents Day IM-B 2024"]
[Site "New York"]
[Date "2024.02.19"]
[Round "8.2"]
[White "Rajesh, C.S."]
[Black "Lima, Darcy"]
[Result "1/2-1/2"]
[ECO "B76"]
[WhiteElo "2218"]
[BlackElo "2370"]
[Annotator "RC"]
[PlyCount "110"]
[EventDate "2024.02.14"]
[EventType "schev"]
[EventCountry "USA"]
[SourceTitle "playchess.com"]
[Source "ChessBase"]
[SourceQuality "1"]
[TimeControl "5400+30"]

1. Nf3 c5 2. e4 d6 3. d4 cxd4 4. Nxd4 Nf6 5. Nc3 Nc6 6. Be2 g6 7. Be3 Bg7 8. f3 O-O 9. Qd2 d5 10. Nxc6 bxc6 11. exd5 Nxd5 12. Nxd5 cxd5 13. c3 e5 14. O-O Bb7 15. b4 Re8 16. a4 d4 17. Bg5 Qd6 18. cxd4 exd4 19. Bb5 Rec8 20. Rfc1 Be5 21. f4 Bg7 22. Rab1 h6 23. Bh4 Be4 24. Rxc8+ Rxc8 25. Bd3 Bxd3 26. Qxd3 Qxf4 27. Be1 Qe3+ 28. Qxe3 dxe3 29. g3 Kf8 30. b5 Ke8 31. a5 Kd7 32. Kg2 Rc2+ 33. Kf3 Rxh2 34. Kxe3 Be5 35. Kf3 Ra2 36. b6 axb6 37. Rxb6 Ra3+ 38. Kg2 h5 39. Ra6 Ra2+ 40. Kf3 Ra3+ 41. Kg2 Bd4 42. Bb4 Ra2+ 43. Kh3 Bg1 44. Rd6+ Kc8 45. Rd2 Rxd2 46. Bxd2 Bd4 47. g4 hxg4+ 48. Kxg4 f6 49. Kf4 Kb7 50. Ke4 Bb2 51. Kd5 Ka6 52. Ke6 Kb5 53. Be1 Ba1 54. Bh4 Kxa5 55. Bxf6 Bxf6 1/2-1/2

[Event "NY Presidents Day IM-B 2024"]
[Site "New York"]
[Date "2024.02.19"]
[Round "8.3"]
[White "Sun, Ryan"]
[Black "Jimenez Fraga, Pedro Alejandro"]
[Result "1-0"]
[ECO "D77"]
[WhiteElo "2217"]
[BlackElo "2447"]
[Annotator "RC"]
[PlyCount "129"]
[EventDate "2024.02.14"]
[EventType "schev"]
[EventCountry "USA"]
[SourceTitle "playchess.com"]
[Source "ChessBase"]
[SourceQuality "1"]
[TimeControl "5400+30"]

1. d4 Nf6 2. Nf3 g6 3. g3 Bg7 4. Bg2 O-O 5. O-O d5 6. c4 dxc4 7. Na3 Nc6 8. Nxc4 Be6 9. b3 Bd5 10. Bb2 a5 11. Rc1 Qb8 12. Nfe5 Bxg2 13. Kxg2 Nxe5 14. dxe5 Rd8 15. Qc2 Nd5 16. e6 fxe6 17. Qe4 Ra6 18. Bxg7 Kxg7 19. Rfd1 b5 20. Qe5+ Kf7 21. Nd2 Nf6 22. Nf3 Rxd1 23. Rxd1 Qb7 24. Kg1 h6 25. Rc1 Rd6 26. Qc3 Qe4 27. Qe5 Qb7 28. Rc5 Rd1+ 29. Kg2 c6 30. Qc3 Rd5 31. Ne5+ Ke8 32. Nxg6 Rxc5 33. Qxc5 Qd7 34. Ne5 Qd5+ 35. Qxd5 exd5 36. Nxc6 Ne4 37. Nxa5 Kd7 38. a3 Nc3 39. Kf3 Nb1 40. Ke3 Nxa3 41. Kd4 Kd6 42. Kc3 e5 43. e3 Nb1+ 44. Kc2 Na3+ 45. Kc3 Nb1+ 46. Kc2 Na3+ 47. Kb2 b4 48. Nb7+ Ke6 49. g4 Kf6 50. h4 Nb5 51. Kc2 e4 52. Nc5 Na7 53. Kd2 Nc6 54. Na6 Ke5 55. Nc5 Kd6 56. Nb7+ Kc7 57. Nc5 Kd6 58. Na6 Ne5 59. g5 hxg5 60. h5 Ng4 61. Nxb4 Kc5 62. Nc2 Nh6 63. Kc3 g4 64. Nd4 Nf7 65. Nf5 1-0

[Event "NY Presidents Day IM-B 2024"]
[Site "New York"]
[Date "2024.02.19"]
[Round "8.4"]
[White "Xu, Grant"]
[Black "Pang, Qi"]
[Result "0-1"]
[ECO "C54"]
[WhiteElo "2313"]
[BlackElo "2148"]
[Annotator "TA"]
[PlyCount "150"]
[EventDate "2024.02.14"]
[EventType "schev"]
[EventCountry "USA"]
[SourceTitle "playchess.com"]
[Source "ChessBase"]
[SourceQuality "1"]
[TimeControl "5400+30"]

1. e4 e5 2. Nf3 Nc6 3. Bc4 Bc5 4. c3 Nf6 5. d4 exd4 6. cxd4 Bb4+ 7. Nbd2 d5 8. exd5 Nxd5 9. O-O O-O 10. a3 Bxd2 11. Bxd2 {[%emt 0:00:09] Die Stellung ist ausgeglichen.} Nb6 {[%emt 0:00:00] Ein dynamisches Springerpaar.} 12. Ba2 Bg4 13. h3 Bh5 14. g4 Bg6 15. d5 Nxd5 16. Qb3 Nb6 17. Bf4 (17. Rfe1 $11) 17... Qf6 (17... Be4 {sieht schärfer aus.} 18. Ng5 Qf6 19. Be3 Rae8) 18. Bg5 {[%emt 0:10:01] [#]} Qe6 19. Qc3 (19. Qd1 Qd6) 19... Na4 20. Qd2 Qd6 21. Rad1 Qxd2 22. Rxd2 Nc5 23. b4 Ne4 {[%emt 0:00:00][%cal Oh7h6] Droht stark ...h6!} 24. Rd7 Nxg5 25. Nxg5 h6 26. Nf3 Rac8 27. Nh4 Bc2 $36 {[%emt 0:00:00][%mdl 2048] Schwarz hat gut koordiniertes Spiel.} 28. b5 Ne5 29. Rd2 g5 30. Rxc2 gxh4 31. f4 Ng6 32. f5 Ne5 33. f6 Rfe8 34. Bd5 c6 35. bxc6 bxc6 36. Bh1 (36. Be4 $142) 36... c5 $1 $17 37. Rf5 (37. a4 $17) 37... c4 $19 38. g5 c3 39. gxh6 Rc5 {[%emt 0:02:26] Verhindert Bd5.} (39... Nd3 $19 {...Ne1 ist eine echte Drohung.} 40. Bd5 Re1+ 41. Rf1 Re3 42. h7+ Kh8 43. Bxf7 Ne1 (43... Rxh3 44. Rg2 $14) (43... Kxh7 44. Bb3 $14) 44. Rxe1 (44. Rc1 $2 Rg3+ 45. Kh1 Rxh3+ 46. Kg1 Nf3+ 47. Kf2 Rc6 $19) 44... Rxe1+ 45. Kf2 Re5) 40. Be4 Kh8 41. Kf1 Rd8 $2 (41... Rc7 $19 {...Nc4 wäre nun fies.} 42. Rf4 Rc4) 42. Rg5 Rd4 43. Rcg2 $1 Rd1+ (43... Rxe4 44. Rg8+ Kh7 45. R2g7+ Kxh6 46. Rh8#) 44. Ke2 Rd2+ 45. Ke1 $2 ({Weiss braucht} 45. Kf1 $1 $15 Rd1+ (45... Rxg2 46. Kxg2 Nd7 47. Rg7 $11) 46. Ke2 Rd2+ 47. Kf1 Rxg2 48. Kxg2) 45... Rxg2 $2 (45... Nd3+ $19 46. Bxd3 Rxg5 47. Rxg5 Rxd3) 46. Rxg2 {[%emt 0:00:01][%mdl 4096] Endspiel. [#] KRB-KRN} Nd7 (46... Nf3+ $1 $17 47. Kd1 (47. Bxf3 $2 c2 $19) 47... Nd4) 47. Kd1 $11 Nxf6 48. Bd3 Rh5 49. Kc2 Nd5 {[%emt 0:00:41] Und jetzt ...Ne3+ wäre schön.} (49... Rxh6 {vereinfacht} 50. Rf2 Kg7 51. Kxc3 Nd5+) 50. Rf2 $2 {[%emt 0:00:06] [#] Schwarz hat alles unter Kontrolle.} (50. Rg7 $11 {und Weiss ist OK.}) 50... f5 $2 ({Minderwertig wäre} 50... Rxh6 51. Rxf7 Rb6 52. Rh7+ Kg8 53. Rxa7 Rb2+ 54. Kc1 $11) (50... Ne3+ $1 $19 51. Kb3 Rd5 (51... Rxh6 52. Rxf7 c2 53. Rc7 $11)) 51. Bc4 $2 (51. Kb3 $11) 51... Ne3+ $19 52. Kd3 c2 53. Kd2 Nxc4+ 54. Kxc2 {[%emt 0:00:02] KRN-KR} Ne5 55. Rf4 Kh7 56. Ra4 Nc6 57. Kd2 Rxh6 (57... Kxh6 $2 58. Ra6 $17) 58. Ke3 Re6+ 59. Kf3 Kg6 {[%emt 0:00:22] Droht ...Kg5 und aus.} 60. Rxh4 Ne5+ 61. Kf4 Nf7 62. Kf3 Ra6 63. a4 Ne5+ 64. Kg3 Rc6 65. Rb4 Rc3+ 66. Kg2 Rc4 67. Rb5 Nc6 68. a5 Kg5 69. Rb7 Rc2+ 70. Kg1 Kf4 {[%emt 0:00:11][%cal Oc6e5] ( -> ...Ne5!)} 71. Rf7 a6 72. Rf6 Kg3 (72... Ne5 $142 73. Kf1 Kg3 74. Ke1 f4 (74... Kxh3 $2 75. Rxf5 Rc5 76. Rf6 $19) 75. Kd1 Ra2 76. Rf5 Rxa5 77. Rf8 f3 (77... Kxh3 $2 78. Rxf4 Rc5 79. Kd2 $19) 78. Kd2 Kxh3 79. Kd1 Kg3 80. Rf6 f2 81. Kc2 Nf3 82. Rg6+ Rg5 83. Rxg5+ Nxg5 84. Kd3 f1=Q+ (84... f1=B+ {ist ein Selbstmatt.} 85. Kd2 a5 86. Kd1 Nf3 87. Kc2 Bb5 88. Kc3 Kf4 89. Kb3 Nd4+ 90. Kb2 Ke4 91. Kc3 Ke3 92. Kb2 Kd3 93. Kb1 Bc4 94. Ka1 Nc2+ 95. Kb2 a4 96. Kb1 a3 97. Kc1 a2 98. Kd1 a1=Q#) 85. Kd4 Qb5 86. Kc3 Ne4+ 87. Kd4 Qc6 88. Ke5 Kf3 89. Kd4 Qc5+ 90. Kd3 Qc3#) 73. Rg6+ Kf3 {[%emt 0:00:09] Schwarz setzt Matt.} 74. h4 Ne5 75. Rg5 Rc1+ {[%emt 0:00:10] Gewichteter Fehlerwert: Weiß=0.54/Schwarz=0.49.  Verlustzug:     	Weiß=3     	---        Gewinn verpasst:   	---       	Schwarz=3     Fehler:       	Weiß=3     	Schwarz=2     Ungenau:       	Weiß=4     	Schwarz=6     OK:         	Weiß=13    	Schwarz=17    Bester:       	Weiß=2     	Schwarz=3     Stark:        	Weiß=1     	Schwarz=1} 0-1

[Event "NY Presidents Day IM-B 2024"]
[Site "New York"]
[Date "2024.02.19"]
[Round "8.5"]
[White "Poliannikov, Danila"]
[Black "Graif, William"]
[Result "1-0"]
[ECO "B76"]
[WhiteElo "2282"]
[BlackElo "2302"]
[Annotator "TA"]
[PlyCount "103"]
[EventDate "2024.02.14"]
[EventType "schev"]
[EventCountry "USA"]
[SourceTitle "playchess.com"]
[Source "ChessBase"]
[SourceQuality "1"]
[TimeControl "5400+30"]

1. e4 c5 2. Nf3 d6 3. d4 cxd4 4. Nxd4 Nf6 5. Nc3 g6 6. Be3 Bg7 7. f3 O-O 8. Qd2 Nc6 9. g4 Be6 10. O-O-O Nxd4 11. Bxd4 Qa5 12. a3 Rab8 13. Kb1 Rfc8 14. h4 b5 {[%emt 0:00:36] [#] Strongly threatening ...b4.} 15. Nd5 Qxd2 16. Rxd2 Bxd5 {[%emt 0:05:51] The position is equal.} 17. exd5 a5 18. Bh3 Ne8 19. Re1 Rb7 20. Bxg7 Kxg7 21. Rd4 Rc5 22. g5 Kf8 23. f4 Nc7 24. Bf1 b4 25. a4 Rb8 (25... Nxd5 $6 26. Rxd5 (26. Bg2 e6 $11) 26... Rxd5 27. Bg2 $16) 26. Bc4 Ne8 27. Bd3 Ng7 28. Ka2 Rbc8 29. Kb3 f5 30. Re2 Kf7 31. Bb5 Nh5 32. Rg2 Kg7 33. Re2 R8c7 34. Bc6 Ng3 35. Rg2 Ne4 36. Bb5 Kf8 37. Bd3 e5 38. dxe6 d5 39. Bb5 Ke7 40. Bd7 Kd6 $1 (40... Rc4 $2 41. Rxd5 R4c5 42. Rd4 $18) 41. h5 gxh5 (41... Rc4 $17 42. hxg6 (42. Rxc4 Rxc4 43. Ka2 Nc5 $17) 42... hxg6 (42... Rxd4 $2 43. gxh7 Nc5+ 44. Ka2 $18) 43. Rxc4 Rxc4) 42. Rh2 $2 {[%emt 0:00:32] [#]} (42. Bb5 $1 $11) 42... h4 $1 43. Bb5 $1 $14 ({And not} 43. Rxh4 Rxc2 44. e7 (44. Rxh7 $2 Rg2 $19) 44... Kxd7 $19) 43... Kxe6 $2 ({Better is} 43... Re7 $14) 44. Rxh4 $18 Rxc2 {[%emt 0:01:37] Threatens to win with ...Nd2+.} 45. Rh6+ Ke7 (45... Kf7 {was worth a try.}) 46. Rxh7+ Ke6 {[%emt 0:00:24] ...Rxb2+ is the strong threat.} 47. Rh6+ Ke7 {[%emt 0:00:04] White must now prevent ...Nd2+.} 48. Rxd5 Nd2+ 49. Ka2 {[%emt 0:00:11] Threatening mate with Rh7+.} Ne4 (49... Kf8 $18 50. Bd3 (50. Rxf5+ Kg7 $18) 50... b3+ 51. Ka3 R2c6 52. Rxf5+ (52. Rxa5 Kg7 $18) 52... Kg7 53. Rxc6 (53. Rxa5 Rxh6 54. gxh6+ Kxh6 $18) 53... Rxc6 54. Rxa5 Rc8) 50. Rh7+ {[%emt 0:00:49] White mates.} Ke6 51. Re5+ Kd6 52. Rh6+ {[%emt 0:00:05] Weighted Error Value: White=0.11 (very precise) /Black=0.49.  Loses game:     	White=1     	Black=1      Missed win:     	---       	Black=1      Mistake:       	White=1     	Black=3      Inaccurate:     	White=1     	Black=3      OK:         	White=11    	Black=10     Best:        	White=6     	Black=3      Strong:       	White=1     	Black=1      Brilliant:      	White=1     	---} 1-0

[Event "NY Presidents Day IM-B 2024"]
[Site "New York"]
[Date "2024.02.19"]
[Round "8.6"]
[White "Wongso, Steve"]
[Black "Tanenbaum, Zachary"]
[Result "1-0"]
[ECO "C47"]
[WhiteElo "2229"]
[BlackElo "2272"]
[Annotator "TA"]
[PlyCount "65"]
[EventDate "2024.02.14"]
[EventType "schev"]
[EventCountry "USA"]
[SourceTitle "playchess.com"]
[Source "ChessBase"]
[SourceQuality "1"]
[TimeControl "5400+30"]

1. e4 e5 2. Nf3 Nc6 3. Nc3 Nf6 4. d4 exd4 5. Nxd4 Bb4 6. Nxc6 bxc6 7. Bd3 d5 8. exd5 O-O 9. O-O cxd5 10. Bg5 c6 11. Na4 h6 12. Bh4 Re8 13. c3 Bd6 14. Bc2 a5 15. Bg3 (15. Re1 $11) 15... c5 16. Re1 {[%emt 0:03:35] Die Stellung ist ausgeglichen.} Be6 17. Bh4 Rc8 ({Vorzuziehen ist} 17... g5 $1 $15 18. Bg3 Rc8) 18. Qf3 Be7 19. Qd3 Ne4 20. Bxe7 Qxe7 {[%emt 0:00:09] [#]} 21. c4 $1 Qh4 (21... dxc4 $2 22. Qxe4 g6 23. h3 $18) 22. Re2 Rcd8 (22... Nf6 $1 $11 {bleibt in der Remisbreite.}) 23. cxd5 (23. Rae1 $16) 23... Bxd5 $11 24. Rae1 $36 {[%emt 0:05:17][%mdl 2048] Und Nc3 würde nun gewinnen. Weiss hat gut koordiniertes Spiel.} Re6 25. Nc3 Bc6 26. Qc4 (26. Qf3 $5 Nf6 $8 27. Qg3 Qxg3 28. hxg3 Rxe2 29. Rxe2 $11) 26... Rd4 27. Qa6 {[%emt 0:00:24] Droht stark Nxe4.} Nxf2 {[%emt 0:00:41][%mdl 8192] [#]} 28. Qxc6 $3 $18 Rd8 {[%emt 0:01:07] Gegen Qe8+ gerichtet.} (28... Nd3 29. Bxd3) 29. Rxe6 {[%emt 0:00:18] Weiß setzt Matt.} Nh3+ 30. gxh3 Qg5+ 31. Kh1 fxe6 32. Qxe6+ Kh8 {[%emt 0:00:06] [#]} 33. Qe8+ $3 {[%emt 0:00:05] Gewichteter Fehlerwert: Weiß=0.13 (sehr präzise) /Schwarz=0.47.  Verlustzug:     	---       	Schwarz=1     Fehler:       	Weiß=2     	Schwarz=2     Ungenau:       	Weiß=1     	Schwarz=2     OK:         	Weiß=4     	Schwarz=4     Brilliant:      	Weiß=1     	---} 1-0